Map: Frozen Temple

Players

kauP - Winner!

  • Race: Terran Terran
  • League: Master

Miszu

  • Race: Terran Terran
  • League: Master

VOD

Have the link to the VOD?

Description

Time

  • Played on: April 25, 2016, 2:29 p.m.
  • Length: 18:58
Show
View Real Time Build Order
Export as new Build Order

kauP Terran - Winner!

Build Orders: Bio Tank 

Get SALT Encoding   

  12  0:03  SCV  
  13  0:15  SCV  
  13  0:19  Supply Depot  
  14  0:27  SCV  
  15  0:30  Refinery  
  15  0:40  SCV  
  16  0:45  Barracks  
  16  0:52  SCV  
  17  1:05  SCV  
  18  1:17  SCV  
  19  1:31  Orbital Command  
  19  1:34  Reaper  
  19  1:36  Supply Depot  
  20  1:58  SCV  
  21  2:04  Command Center  
  21  2:10  SCV  
  21  2:12  Barracks Reactor  
  21  2:14  Factory  
  22  2:22  SCV  
  23  2:26  Supply Depot  
  23  2:34  SCV  
  24  2:42  Refinery  
  24  2:46  SCV  
  24  2:48  Marine x2  
  27  2:58  Factory Tech Lab  
  27  2:59  SCV  
  27  3:03  Starport  
  28  3:07  Marine x2  
  28  3:11  SCV  
  30  3:17  Bunker  
  30  3:18  Engineering Bay  
  30  3:20  Orbital Command  
  30  3:38  Marine x2  
  30  3:40  Siege Tank  
  35  3:45  SCV  
  35  3:48  Refinery, SCV  
  37  3:51  Viking  
  39  3:58  Missile Turret  
  39  3:59  SCV  
  39  4:00  SCV  
  41  4:10  Barracks Reactor, Refinery  
  41  4:11  SCV  
  42  4:20  SCV  
  42  4:23  SCV  
  44  4:25  Missile Turret  
  44  4:28  Supply Depot  
  44  4:30  Siege Tank  
  47  4:33  SCV  
  47  4:35  SCV  
  49  4:45  Medivac  
  49  4:46  Medivac  
  49  4:48  Marine  
  49  4:49  Marine  
  55  4:53  Supply Depot  
  55  4:58  SCV x2  
  57  5:03  Siege Tank  
  57  5:06  Marine  
  61  5:07  Marine  
  61  5:23  Viking x2  
  61  5:24  Marine  
  61  5:25  Marine, SCV x2  
  69  5:29  Terran Infantry Weapons Level 1  
  69  5:36  Barracks  
  69  5:37  SCV  
  69  5:41  SCV  
  69  5:42  Marine  
  70  5:56  Viking  
  70  5:58  SCV x2  
  70  6:00  Viking  
  68  6:10  SCV x2  
  68  6:11  Marine x2  
  69  6:25  Barracks Tech Lab  
  69  6:27  Command Center  
  69  6:37  Viking  
  69  6:38  Viking  
  68  6:40  Siege Tank  
  68  6:46  Marine x3  
  70  6:47  Stimpack  
  70  6:51  Supply Depot  
  70  6:52  Barracks  
  70  6:53  Supply Depot  
  70  6:54  Supply Depot  
  70  7:12  Viking x2, Marine x3  
  77  7:24  Terran Infantry Armor Level 1, SCV x2  
  79  7:33  Barracks  
  79  7:34  Barracks  
  79  7:37  Marine x2  
  79  7:39  Barracks Reactor  
  79  7:40  Orbital Command  
  79  7:46  SCV x2  
  81  7:54  Marine  
  81  7:55  Marine  
  86  7:58  Siege Tank  
  86  8:01  SCV x2, Orbital Command  
  86  8:05  Marine  
  87  8:12  Marine  
  87  8:13  SCV x2  
  90  8:28  Viking x2  
  90  8:29  Marine x4  
  90  8:30  Barracks Reactor x2  
  98  8:40  Engineering Bay, SCV x2, Armory  
  93  8:47  Siege Tank  
  88  8:50  Combat Shields  
  88  8:55  Sensor Tower  
  88  8:57  Marine x4  
  88  9:01  Medivac x2  
  96  9:06  Missile Turret  
  96  9:23  Marine x2  
  96  9:24  Marine x7  
  104  9:33  Medivac, Siege Tank  
  109  9:42  Supply Depot x3, Marine x6, Medivac  
  107  10:10  Terran Infantry Armor Level 2, Terran Infantry Weapons Level 2  
  107  10:13  Marine x9  
  117  10:14  Medivac x2, Siege Tank  
  121  10:22  Factory  
  121  10:23  Missile Turret  
  121  10:25  Missile Turret  
  121  10:30  Marine  
  121  10:31  Marine x5  
  122  10:52  Marine  
  122  10:53  Marine x8  
  106  11:10  Marine x5  
  106  11:11  Marine x4, Medivac x2, Siege Tank  
  122  11:12  Factory Tech Lab  
  122  11:19  Refinery  
  122  11:28  Marine x2  
  122  11:30  Siege Tank  
  127  11:33  Supply Depot  
  127  11:34  Supply Depot  
  127  11:36  Refinery  
  127  11:40  Command Center  
  127  11:43  Siege Tank  
  119  11:50  Marine  
  119  11:51  Marine x8  
  82  12:08  Marine  
  82  12:09  Marine x2  
  65  12:29  Siege Tank x2  
  70  12:34  Command Center  
  68  12:38  Marine  
  68  12:39  Marine  
  70  12:53  Marine x2  
  70  12:54  Marine x5  
  70  12:56  Marine  
  78  13:01  Siege Tank  
  81  13:07  Siege Tank  
  81  13:09  Marine  
  81  13:11  Marine  
  86  13:14  Marine x2  
  86  13:34  Siege Tank  
  89  13:39  Siege Tank  
  80  13:57  Marine x9  
  83  14:13  Siege Tank  
  83  14:14  Marine  
  83  14:15  Marine x2  
  89  14:28  Marine  
  89  14:29  Marine  
  91  14:31  Marine  
  92  14:56  Marine x7  
  92  14:57  Marine  
  92  14:59  Marine  
  101  15:06  Medivac  
  103  15:15  Orbital Command  
  103  15:21  Siege Tank  
  100  15:48  Marine x9  
  109  16:05  Marine  
  109  16:06  Marine  
  100  16:29  Marine  
  100  16:30  Marine x8  
  109  16:35  Siege Tank  
  95  16:47  Marine x3  
  95  16:48  Marine x4  
  95  16:49  Marine  
  95  16:52  Siege Tank  
  98  16:55  Marine  
  99  17:05  Marine x2  
  99  17:23  Medivac x2  
  99  17:27  Orbital Command  
  103  17:39  Marine  
  103  17:40  Marine x5  
  103  17:42  Sensor Tower  
  108  17:57  Marine  
  108  17:58  Marine x5  
  113  18:02  Sensor Tower  
  111  18:26  Marine x7  
  118  18:35  Sensor Tower  
Show
View Real Time Build Order
Export as new Build Order

Miszu Terran 

Build Orders: 1/1/1, Bio Tank 

Get SALT Encoding   

  12  0:01  SCV  
  13  0:13  SCV  
  14  0:18  Supply Depot  
  14  0:25  SCV  
  15  0:40  SCV  
  15  0:42  Barracks  
  16  0:45  Refinery  
  16  0:52  SCV  
  16  0:55  Refinery  
  17  1:04  SCV  
  18  1:16  SCV  
  19  1:29  Orbital Command  
  20  1:38  Marine  
  20  1:41  Factory, Supply Depot  
  20  1:54  SCV  
  20  1:56  Marine  
  22  2:08  SCV  
  22  2:13  Marine  
  24  2:21  SCV  
  25  2:25  Starport, Hellion  
  27  2:31  Supply Depot  
  27  2:32  Marine  
  27  2:33  SCV  
  29  2:45  SCV  
  29  2:48  Factory Tech Lab  
  30  2:56  Marine  
  30  2:58  SCV  
  31  3:10  SCV  
  32  3:13  Marine  
  32  3:15  Factory Reactor  
  32  3:16  Raven  
  32  3:18  Supply Depot  
  35  3:30  SCV  
  34  3:43  SCV  
  34  3:46  Command Center  
  35  3:55  SCV  
  35  3:58  Supply Depot  
  36  4:04  Marine  
  36  4:06  Viking  
  36  4:07  Medivac, Siege Tank  
  44  4:10  SCV  
  45  4:23  SCV  
  46  4:24  Supply Depot  
  46  4:26  Barracks Tech Lab  
  46  4:35  SCV  
  46  4:36  Viking  
  49  4:43  Siege Tank  
  52  4:47  SCV  
  52  4:48  Supply Depot  
  52  4:49  Viking  
  52  4:52  Marine  
  57  5:00  Orbital Command  
  57  5:03  SCV  
  57  5:15  SCV  
  58  5:27  Marine  
  58  5:28  Viking x2, SCV  
  64  5:30  Siege Tank  
  64  5:32  SCV  
  68  5:43  SCV  
  56  6:06  Marine, SCV  
  56  6:08  SCV  
  59  6:12  Barracks x2  
  59  6:13  Refinery  
  59  6:15  Refinery  
  59  6:18  Stimpack, SCV  
  59  6:21  SCV  
  59  6:23  Barracks  
  59  6:24  Marine, Barracks  
  65  6:25  Siege Tank  
  64  6:43  Marine  
  64  6:45  SCV x2  
  64  6:47  Engineering Bay  
  64  6:48  Engineering Bay  
  64  6:57  Siege Tank, SCV  
  64  7:00  SCV  
  69  7:01  Barracks Reactor, Marine  
  69  7:02  Barracks Reactor  
  70  7:09  SCV  
  70  7:11  Barracks Reactor  
  70  7:12  Barracks Reactor, Command Center, SCV  
  72  7:18  Terran Infantry Weapons Level 1  
  72  7:19  Marine, Terran Infantry Armor Level 1  
  73  7:28  Medivac  
  75  7:32  SCV x2  
  75  7:37  Marine  
  77  7:52  Marine  
  77  7:54  Marine  
  77  7:55  Marine x7  
  86  8:03  Medivac  
  86  8:14  Marine  
  86  8:17  Marine  
  86  8:21  Combat Shields  
  86  8:22  Marine x2  
  86  8:23  Marine x5  
  86  8:24  Siege Tank  
  92  8:32  Marine  
  93  8:35  Marine  
  89  8:41  Marine  
  89  8:42  Marine  
  89  8:43  Marine  
  89  8:45  Medivac x2  
  89  8:46  Marine  
  89  8:47  Marine x3  
  98  8:49  Orbital Command  
  98  8:50  Marine  
  98  8:53  Marine  
  100  8:59  Factory, Marine, Armory  
  101  9:21  Marine, Orbital Command  
  101  9:24  Marine x2  
  101  9:26  Marine x2  
  101  9:33  Marine  
  101  9:46  Marine x3, Medivac, Siege Tank  
  109  10:00  Marine  
  109  10:02  SCV x2  
  109  10:03  Marine  
  109  10:08  Marine  
  109  10:13  Engineering Bay  
  109  10:23  Supply Depot x2, Marauder, Marine x7, Siege Tank, SCV x3  
  109  10:25  Marine  
  125  10:44  Marine x3, Medivac  
  125  10:45  SCV x2  
  128  10:57  SCV  
  113  11:05  Marine x3  
  113  11:06  Marine x4, Siege Tank  
  113  11:07  Marine  
  113  11:08  Marine  
  123  11:21  Command Center  
  123  11:23  Marine x2, SCV  
  126  11:44  Marine  
  126  11:45  Marine x3  
  126  11:46  Marine x4  
  125  11:47  Siege Tank  
  125  11:50  Marine  
  115  12:02  Marine  
  115  12:03  Marine x3  
  115  12:04  Marine x4  
  115  12:07  Marine  
  110  12:20  Marine  
  110  12:21  Marine x4  
  110  12:22  Marine x2  
  93  12:30  Marine, Medivac x2  
  93  12:31  Marine  
  98  12:38  Marine  
  98  12:39  Marauder  
  98  12:40  Siege Tank  
  104  13:02  Marine  
  104  13:03  Marine x4  
  110  13:13  Siege Tank  
  110  13:17  Terran Infantry Armor Level 2  
  101  13:32  Marine  
  102  13:34  Marine  
  102  13:38  SCV  
  91  13:52  Marine x6  
  94  14:00  Marine  
  94  14:01  Marine  
  75  14:10  Marine x6  
  75  14:11  Terran Infantry Weapons Level 2  
  75  14:16  Siege Tank  
  83  14:21  Factory Tech Lab  
  83  14:29  Marine x6  
  89  14:35  Refinery  
  89  14:36  Refinery  
  88  14:39  Marine  
  88  14:40  Marine, Orbital Command  
  88  14:43  Siege Tank  
  93  14:47  Marine  
  93  14:48  Marine, Siege Tank  
  98  14:55  Marine x3  
  98  14:56  Marine x2  
  98  14:57  Marine  
  104  15:03  Marine  
  104  15:05  Marine  
  104  15:06  Marine  
  107  15:13  Marine x5  
  112  15:15  Marine  
  112  15:20  Siege Tank  
  112  15:21  Marine  
  116  15:23  Marine  
  116  15:24  Marine  
  118  15:31  Marine  
  118  15:35  Marine  
  115  15:36  Siege Tank  
  119  15:48  Marine  
  120  15:50  Marine  
  120  15:51  Marine x6  
  120  15:53  Marine  
  128  16:06  Marine  
  123  16:24  Marine  
  123  16:25  Marine  
  100  16:26  Marine x7  
  100  16:30  Siege Tank  
  83  16:42  Marine  
  83  16:43  Marine x4  
  83  16:44  Marine x3, Reaper  
  75  17:00  Marine, Orbital Command  
  75  17:01  Marine x2  
  76  17:05  Marine  
  76  17:07  Marine  
  79  17:23  Orbital Command  
  79  17:35  SCV  
  80  17:39  SCV  
  80  17:42  Marine  
  82  17:47  SCV  
  82  17:52  SCV  
  83  17:59  SCV  
  84  18:06  Marine  
  84  18:07  Marine x5  
  84  18:12  Marine x2  
  93  18:19  Marine  
  93  18:24  Marine  
  93  18:25  Marine x2  
  93  18:27  Marine  
Tags
 
Composition
Bio TankBio Tank
Matchup
TvT
Opening
1/1/1
Race
Terran
Add a new tag
Caveats
  • Supply blocks, unpowered buildings, or Contaminate may cause inaccurate times.
  • Supply counts are checked every 10 seconds.